| TOP OF THE 1ST |
|
Naperville Lazy Fisherman batting - Pitching for Nashville Sounds : RHP Esteban Loaiza
|
|
Pitching: RHP Esteban Loaiza
|
|
|
Batting: SHB Denny Hocking
|
0-0: Ball 1-0: Called Strike 1-1: Foul Ball, location: 2F 1-2: Foul Ball, location: 2F 1-2: Strikes out swinging
|
|
Batting: SHB Felipe Crespo
|
0-0: Swinging Strike 0-1: Ball 1-1: Foul Ball, location: 2F 1-2: Foul Ball, location: 2F 1-2: Ball 2-2: Ball 3-2: Hit by Pitch
|
|
Batting: RHB Jeffrey Hammonds
|
0-0: Called Strike 0-1: Called Strike 0-2: Foul Ball, location: 2F 0-2: Ball 1-2: Ball 2-2: Foul Ball, location: 2F 2-2: Ball 3-2: Foul Ball, location: 2F 3-2: Strikes out looking
|
|
Batting: LHB Matt Luke
|
0-0: Ball 1-0: Called Strike 1-1: Ground out 4-3 (Groundball, 34, EV 88.8 MPH)
|
| Top of the 1st over - 0 runs, 0 hits, 0 errors, 1 left on base; Naperville 0 - Nashville 0 |
| BOTTOM OF THE 1ST |
|
Nashville Sounds batting - Pitching for Naperville Lazy Fisherman : RHP David Cone
|
|
Pitching: RHP David Cone
|
|
|
Batting: RHB Danny Bautista
|
0-0: Called Strike 0-1: Ball 1-1: Called Strike 1-2: Foul Ball, location: 2F 1-2: Ground out 5-3 (Groundball, 56S, EV 83.8 MPH)
|
|
Batting: RHB George Arias
|
0-0: Called Strike 0-1: SINGLE (Groundball, 56D, EV 96.3 MPH)
|
|
Batting: LHB Dion James
|
0-0: Foul Ball, location: 2F 0-1: Called Strike 0-2: Ball 1-2: Strikes out swinging
|
|
Batting: RHB Paul Konerko
|
0-0: Ball 1-0: Called Strike 1-1: Fly out, F9 (Flyball, 9D, EV 85.0 MPH)
|
| Bottom of the 1st over - 0 runs, 1 hit, 0 errors, 1 left on base; Naperville 0 - Nashville 0 |
| TOP OF THE 2ND |
|
Naperville Lazy Fisherman batting - Pitching for Nashville Sounds : RHP Esteban Loaiza
|
|
Batting: RHB Craig Worthington
|
0-0: Ball 1-0: Ball 2-0: Fly out, F9 (Flyball, 89S, EV 83.8 MPH)
|
|
Batting: RHB Kent Anderson
|
0-0: Called Strike 0-1: Ball 1-1: Called Strike 1-2: SINGLE (Groundball, 34D, EV 110.0 MPH)
|
|
Batting: RHB Gary Bennett
|
0-0: Ball 1-0: Ball 2-0: Ball 3-0: Base on Balls Kent Anderson to second
|
|
Batting: LHB Dan Peltier
|
0-0: Foul Ball, location: 2F 0-1: Swinging Strike 0-2: SINGLE (Line Drive, 78S, EV 100.6 MPH) Kent Anderson to third Gary Bennett to second
|
|
Batting: RHB Gary Disarcina
|
0-0: Ball 1-0: Ball 2-0: Fielders Choice at 2nd, 6-4 (Groundball, 6, EV 88.1 MPH) Kent Anderson scores Gary Bennett to third
|
|
Batting: SHB Denny Hocking
|
0-0: Ball 1-0: Swinging Strike 1-1: Swinging Strike 1-2: Ball 2-2: SINGLE (Groundball, 4MD, EV 102.5 MPH) Gary Bennett scores Gary Disarcina to second Runner from 2nd tries for 3rd, SAFE, throw by CF made to third
|
|
Batting: SHB Felipe Crespo
|
0-0: Foul Ball, location: 2F 0-1: Ball 1-1: Called Strike Denny Hocking steals 2nd base 1-2: Foul Ball, location: 2F 1-2: Ball 2-2: Fly out, F9 (Flyball, 9, EV 91.9 MPH)
|
| Top of the 2nd over - 2 runs, 3 hits, 0 errors, 2 left on base; Naperville 2 - Nashville 0 |
| BOTTOM OF THE 2ND |
|
Nashville Sounds batting - Pitching for Naperville Lazy Fisherman : RHP David Cone
|
|
Batting: SHB Raul Casanova
|
0-0: Ball 1-0: Foul Ball, location: 2F 1-1: Ball 2-1: Ground out U3 (Groundball, 34S, EV 81.3 MPH)
|
|
Batting: RHB Eli Marrero
|
0-0: SINGLE (Flyball, 8RM, EV 90.0 MPH)
|
|
Batting: LHB Jeff Branson
|
0-0: Ball 1-0: Called Strike 1-1: Fly out, F4 (Popup, 34, EV 64.4 MPH)
|
|
Batting: RHB Adam Riggs
|
0-0: Ball Eli Marrero is caught stealing 2nd base 2-4
|
| Bottom of the 2nd over - 0 runs, 1 hit, 0 errors, 0 left on base; Naperville 2 - Nashville 0 |
| TOP OF THE 3RD |
|
Naperville Lazy Fisherman batting - Pitching for Nashville Sounds : RHP Esteban Loaiza
|
|
Batting: RHB Jeffrey Hammonds
|
0-0: Foul Ball, location: 2F 0-1: Foul Ball, location: 2F 0-2: SOLO HOME RUN (Flyball, 78XD, EV 96.3 MPH), Distance : 410 ft
|
|
Batting: LHB Matt Luke
|
0-0: Called Strike 0-1: Ball 1-1: Ball 2-1: Ground out 4-3 (Groundball, 4, EV 107.5 MPH)
|
|
Batting: RHB Craig Worthington
|
0-0: Ball 1-0: Called Strike 1-1: Ground out U3 (Groundball, 34S, EV 83.8 MPH)
|
|
Batting: RHB Kent Anderson
|
0-0: Called Strike 0-1: Ball 1-1: Foul Ball, location: 2F 1-2: Ball 2-2: Reached on error, E6 (Groundball, 6, EV 88.1 MPH)
|
|
Batting: RHB Gary Bennett
|
0-0: Called Strike 0-1: Ball 1-1: Foul Ball, location: 2F 1-2: Ball 2-2: Fly out, F7 (Line Drive, 7, EV 90.6 MPH)
|
| Top of the 3rd over - 1 run, 1 hit, 1 error, 1 left on base; Naperville 3 - Nashville 0 |
| BOTTOM OF THE 3RD |
|
Nashville Sounds batting - Pitching for Naperville Lazy Fisherman : RHP David Cone
|
|
Batting: RHB Adam Riggs
|
0-0: Ball 1-0: Ball 2-0: Ball 3-0: Called Strike 3-1: Base on Balls
|
|
Batting: SHB Felix Martinez
|
0-0: Ball 1-0: Foul Ball, location: 2F 1-1: Swinging Strike 1-2: Strikes out looking
|
|
Batting: RHB Danny Bautista
|
0-0: Ball 1-0: Called Strike 1-1: Ball 2-1: Ball 3-1: Base on Balls Adam Riggs to second
|
|
Batting: RHB George Arias
|
0-0: Fielders Choice at 2nd, 3-6 (Groundball, 3, EV 79.4 MPH) Adam Riggs to third
|
|
Batting: LHB Dion James
|
0-0: Called Strike 0-1: Swinging Strike 0-2: Ball 1-2: Foul Ball, location: 2F 1-2: Ball 2-2: SINGLE (Groundball, 4MD, EV 101.3 MPH) Adam Riggs scores George Arias to second Runner from 2nd tries for 3rd, SAFE, throw by CF made to third
|
|
Batting: RHB Paul Konerko
|
0-0: Called Strike 0-1: Called Strike 0-2: Ball 1-2: Ball 2-2: Foul Ball, location: 2F 2-2: Ball 3-2: Fly out, F8 (Flyball, 8LXD, EV 107.5 MPH)
|
| Bottom of the 3rd over - 1 run, 1 hit, 0 errors, 2 left on base; Naperville 3 - Nashville 1 |
| TOP OF THE 4TH |
|
Naperville Lazy Fisherman batting - Pitching for Nashville Sounds : RHP Esteban Loaiza
|
|
Batting: LHB Dan Peltier
|
0-0: Called Strike 0-1: Foul Ball, location: 2F 0-2: Foul Ball, location: 2F 0-2: Ball 1-2: Foul Ball, location: 2F 1-2: Ball 2-2: SOLO HOME RUN (Flyball, 89XD, EV 91.9 MPH), Distance : 386 ft
|
|
Batting: RHB Gary Disarcina
|
0-0: Called Strike 0-1: Ball 1-1: Ball 2-1: Ball 3-1: Base on Balls
|
|
Pitching: LHP Pat Combs
|
|
|
Batting: SHB Denny Hocking
|
0-0: Ball 1-0: Foul Ball, location: 2F 1-1: Foul Ball, location: 2F 1-2: Ball 2-2: Ball 3-2: Fly out, F7 (Flyball, 7LS, EV 88.1 MPH)
|
|
Batting: SHB Felipe Crespo
|
0-0: Called Strike 0-1: Swinging Strike 0-2: Ball 1-2: Fly out, F9 (Flyball, 9D, EV 93.8 MPH)
|
|
Batting: RHB Jeffrey Hammonds
|
0-0: Called Strike 0-1: Fielders Choice at 2nd, 5-4 (Groundball, 5, EV 93.8 MPH)
|
| Top of the 4th over - 1 run, 1 hit, 0 errors, 1 left on base; Naperville 4 - Nashville 1 |
| BOTTOM OF THE 4TH |
|
Nashville Sounds batting - Pitching for Naperville Lazy Fisherman : RHP David Cone
|
|
Batting: SHB Raul Casanova
|
0-0: Ball 1-0: Swinging Strike 1-1: Swinging Strike 1-2: Strikes out swinging
|
|
Batting: RHB Eli Marrero
|
0-0: Ball 1-0: Called Strike 1-1: Ball 2-1: Fly out, F9 (Flyball, 9LS, EV 98.8 MPH)
|
|
Batting: LHB Jeff Branson
|
0-0: Called Strike 0-1: Ball 1-1: SOLO HOME RUN (Line Drive, 89XD, EV 99.4 MPH), Distance : 398 ft
|
|
Batting: RHB Adam Riggs
|
0-0: Ball 1-0: Ground out 5-3 (Groundball, 56, EV 99.4 MPH)
|
| Bottom of the 4th over - 1 run, 1 hit, 0 errors, 0 left on base; Naperville 4 - Nashville 2 |
| TOP OF THE 5TH |
|
Naperville Lazy Fisherman batting - Pitching for Nashville Sounds : LHP Pat Combs
|
|
Batting: LHB Matt Luke
|
0-0: Ball 1-0: Called Strike 1-1: Ball 2-1: Foul Ball, location: 2F 2-2: Ground out 4-3 (Groundball, 4, EV 85.6 MPH)
|
|
Batting: RHB Craig Worthington
|
0-0: Called Strike 0-1: Ball 1-1: Swinging Strike 1-2: Strikes out swinging
|
|
Batting: RHB Kent Anderson
|
0-0: Ball 1-0: Fly out, F7 (Flyball, 7S, EV 90.0 MPH)
|
| Top of the 5th over - 0 runs, 0 hits, 0 errors, 0 left on base; Naperville 4 - Nashville 2 |
| BOTTOM OF THE 5TH |
|
Nashville Sounds batting - Pitching for Naperville Lazy Fisherman : RHP David Cone
|
|
Batting: SHB Felix Martinez
|
0-0: Fly out, F8 (Line Drive, 8RM, EV 100.6 MPH)
|
|
Now in CF: Juan Castro
|
|
|
Batting: RHB Danny Bautista
|
0-0: Ball 1-0: Fly out, F9 (Flyball, 9LS, EV 85.6 MPH)
|
|
Batting: RHB George Arias
|
0-0: Ball 1-0: Ball 2-0: SINGLE (Flyball, 8LS, EV 86.3 MPH)
|
|
Batting: LHB Dion James
|
0-0: Ball 1-0: Foul Ball, location: 2F 1-1: Foul Ball, location: 2F 1-2: Ball 2-2: Ground out 4-3 (Groundball, 4, EV 106.3 MPH)
|
| Bottom of the 5th over - 0 runs, 1 hit, 0 errors, 1 left on base; Naperville 4 - Nashville 2 |
| TOP OF THE 6TH |
|
Naperville Lazy Fisherman batting - Pitching for Nashville Sounds : LHP Pat Combs
|
|
Batting: RHB Gary Bennett
|
0-0: Ball 1-0: Ball 2-0: Ball 3-0: Called Strike 3-1: Fly out, F8 (Flyball, 78M, EV 85.6 MPH)
|
|
Batting: LHB Dan Peltier
|
0-0: SINGLE (Groundball, 56, EV 103.8 MPH) (infield hit)
|
|
Batting: RHB Gary Disarcina
|
0-0: Fly out, F7 (Flyball, 7D, EV 101.9 MPH)
|
|
Batting: RHB Juan Castro
|
0-0: Swinging Strike 0-1: Ground out 1-3 (Groundball, 34S, EV 75.0 MPH)
|
| Top of the 6th over - 0 runs, 1 hit, 0 errors, 1 left on base; Naperville 4 - Nashville 2 |
| BOTTOM OF THE 6TH |
|
Nashville Sounds batting - Pitching for Naperville Lazy Fisherman : RHP David Cone
|
|
Batting: RHB Paul Konerko
|
0-0: Ground out 1-3 (Groundball, 13S, EV 68.1 MPH)
|
|
Batting: SHB Raul Casanova
|
0-0: Ball 1-0: Fly out, F7 (Flyball, 7LSF, EV 85.0 MPH)
|
|
Batting: RHB Eli Marrero
|
0-0: Called Strike 0-1: Ball 1-1: Ground out 5-3 (Groundball, 56S, EV 81.3 MPH)
|
| Bottom of the 6th over - 0 runs, 0 hits, 0 errors, 0 left on base; Naperville 4 - Nashville 2 |
| TOP OF THE 7TH |
|
Naperville Lazy Fisherman batting - Pitching for Nashville Sounds : LHP Pat Combs
|
|
Batting: SHB Felipe Crespo
|
0-0: Called Strike 0-1: Swinging Strike 0-2: Strikes out swinging
|
|
Batting: RHB Jeffrey Hammonds
|
0-0: Foul Ball, location: 2F 0-1: Ball 1-1: Ball 2-1: Ground out 5-3 (Groundball, 56S, EV 80.6 MPH)
|
|
Batting: LHB Matt Luke
|
0-0: Swinging Strike 0-1: Called Strike 0-2: SINGLE (Groundball, 34D, EV 93.8 MPH)
|
|
Batting: RHB Craig Worthington
|
0-0: Ball 1-0: Ball 2-0: Fly out, F9 (Flyball, 89S, EV 83.1 MPH)
|
| Top of the 7th over - 0 runs, 1 hit, 0 errors, 1 left on base; Naperville 4 - Nashville 2 |
| BOTTOM OF THE 7TH |
|
Nashville Sounds batting - Pitching for Naperville Lazy Fisherman : RHP David Cone
|
|
Batting: LHB Jeff Branson
|
0-0: Ball 1-0: Swinging Strike 1-1: Swinging Strike 1-2: Single, Error in OF, E9, batter to second base (Groundball, 34D, EV 93.8 MPH)
|
|
Batting: RHB Adam Riggs
|
Balk! Jeff Branson to third 0-0: Ball 1-0: Swinging Strike 1-1: Ball 2-1: Foul Ball, location: 2F 2-2: Foul Ball, location: 2F 2-2: Ball 3-2: Strikes out looking
|
|
Batting: SHB Felix Martinez
|
0-0: Ball 1-0: Foul Ball, location: 2F 1-1: Called Strike 1-2: Ball 2-2: Foul Ball, location: 2F 2-2: Ball 3-2: Foul Ball, location: 2F 3-2: Ground out 4-3 (Groundball, 4, EV 105.6 MPH) Jeff Branson scores
|
|
Batting: RHB Danny Bautista
|
0-0: Ball 1-0: Ball 2-0: Ground out 5-3 (Groundball, 56S, EV 91.3 MPH)
|
| Bottom of the 7th over - 1 run, 1 hit, 1 error, 0 left on base; Naperville 4 - Nashville 3 |
| TOP OF THE 8TH |
|
Naperville Lazy Fisherman batting - Pitching for Nashville Sounds : LHP Pat Combs
|
|
Batting: RHB Kent Anderson
|
0-0: Called Strike 0-1: SINGLE (Groundball, 6MD, EV 102.5 MPH)
|
|
Batting: RHB Gary Bennett
|
0-0: Ball 1-0: Sac Bunt to 25 - play at first, batter OUT! 5-4 Kent Anderson to second
|
|
Batting: LHB Dan Peltier
|
0-0: Called Strike 0-1: Ball 1-1: Foul Ball, location: 2F 1-2: Ball 2-2: Ball 3-2: SINGLE (Line Drive, 4MD, EV 100.0 MPH) Kent Anderson to third Runner from 3rd tries for Home, SAFE, throw by CF to home
|
|
Batting: RHB Gary Disarcina
|
0-0: Ball 1-0: Ball 2-0: Ball 3-0: Called Strike 3-1: Base on Balls Dan Peltier to second
|
|
Pitching: RHP Jose RF Santiago
|
|
|
Batting: RHB Juan Castro
|
0-0: Ball 1-0: Ball 2-0: Ball 3-0: Base on Balls Dan Peltier to third Gary Disarcina to second
|
|
Batting: SHB Felipe Crespo
|
0-0: Ball 1-0: Foul Ball, location: 2F 1-1: Ball 2-1: Ball 3-1: Called Strike 3-2: Strikes out looking
|
|
Batting: RHB Jeffrey Hammonds
|
0-0: GRAND SLAM HOME RUN (Flyball, 7D, EV 94.4 MPH), Distance : 389 ft
|
|
Batting: LHB Matt Luke
|
0-0: Ball 1-0: Ball 2-0: Ground out 4-3 (Groundball, 4, EV 98.1 MPH)
|
| Top of the 8th over - 5 runs, 3 hits, 0 errors, 0 left on base; Naperville 9 - Nashville 3 |
| BOTTOM OF THE 8TH |
|
Nashville Sounds batting - Pitching for Naperville Lazy Fisherman : RHP David Cone
|
|
Batting: RHB George Arias
|
0-0: Ball 1-0: Foul Ball, location: 2F 1-1: Foul Ball, location: 2F 1-2: Foul Ball, location: 2F 1-2: SINGLE (Groundball, 34D, EV 110.6 MPH)
|
|
Batting: LHB Dion James
|
0-0: Ball 1-0: Ball 2-0: SINGLE (Line Drive, 89S, EV 101.9 MPH) George Arias to second
|
|
Pitching: LHP Dennys Reyes
|
|
|
Batting: RHB Paul Konerko
|
0-0: Called Strike 0-1: Fly out, F8 (Line Drive, 8RM, EV 86.3 MPH)
|
|
Batting: SHB Raul Casanova
|
0-0: Swinging Strike 0-1: Ball 1-1: Foul Ball, location: 2F 1-2: Foul Ball, location: 2F 1-2: Grounds into double play, 6-4-3 (Groundball, 6, EV 80.0 MPH)
|
| Bottom of the 8th over - 0 runs, 2 hits, 0 errors, 1 left on base; Naperville 9 - Nashville 3 |
| TOP OF THE 9TH |
|
Naperville Lazy Fisherman batting - Pitching for Nashville Sounds : RHP Jose RF Santiago
|
|
Batting: RHB Craig Worthington
|
0-0: Ball 1-0: Ball 2-0: Ball 3-0: Called Strike 3-1: Base on Balls
|
|
Batting: RHB Kent Anderson
|
0-0: Foul Ball, location: 2F 0-1: Ball 1-1: Reached on error, E6 (Groundball, 6, EV 83.8 MPH) Craig Worthington to second
|
|
Batting: RHB Gary Bennett
|
0-0: Foul Ball, location: 2F 0-1: Ball 1-1: Foul Ball, location: 2F 1-2: Foul Ball, location: 2F 1-2: Ball 2-2: Grounds into double play, 1-6-3 (Groundball, 34S, EV 90.6 MPH) Craig Worthington to third
|
|
Batting: LHB Dan Peltier
|
0-0: Ball 1-0: Ball 2-0: Ball 3-0: Base on Balls
|
|
Batting: RHB Gary Disarcina
|
0-0: Ball 1-0: Foul Ball, location: 2F 1-1: Swinging Strike 1-2: Ball 2-2: Foul Ball, location: 2F 2-2: Ball 3-2: Foul Ball, location: 2F 3-2: SINGLE (Groundball, 56D, EV 101.9 MPH) Craig Worthington scores Dan Peltier to second Dan Peltier to third
|
|
Batting: RHB Juan Castro
|
0-0: Ball 1-0: Called Strike 1-1: SINGLE (Groundball, 6MD, EV 100.0 MPH) Dan Peltier scores Gary Disarcina to second
|
|
Pitching: RHP Don Wengert
|
|
|
Batting: SHB Felipe Crespo
|
0-0: Ball 1-0: Called Strike 1-1: Ball 2-1: Called Strike 2-2: Ball 3-2: Base on Balls Gary Disarcina to third Juan Castro to second
|
|
Batting: RHB Jeffrey Hammonds
|
0-0: Foul Ball, location: 2F 0-1: Foul Ball, location: 2F 0-2: Strikes out swinging
|
| Top of the 9th over - 2 runs, 2 hits, 1 error, 3 left on base; Naperville 11 - Nashville 3 |
| BOTTOM OF THE 9TH |
|
Nashville Sounds batting - Pitching for Naperville Lazy Fisherman : LHP Dennys Reyes
|
|
Pinch Hitting: LHB Ivan Cruz
|
0-0: Ball 1-0: Ball 2-0: Swinging Strike 2-1: Swinging Strike 2-2: SINGLE (Line Drive, 6D, EV 96.9 MPH)
|
|
Pinch Hitting: RHB Donnell Neal
|
0-0: Ball 1-0: Swinging Strike 1-1: Swinging Strike 1-2: Foul Ball, location: 2F 1-2: Strikes out looking
|
|
Batting: RHB Adam Riggs
|
0-0: Ball 1-0: Called Strike 1-1: Swinging Strike 1-2: Foul Ball, location: 2F 1-2: Fly out, F8 (Line Drive, 8LM, EV 90.6 MPH)
|
|
Batting: SHB Felix Martinez
|
0-0: Called Strike 0-1: Foul Ball, location: 2F 0-2: Ball 1-2: Strikes out swinging
|
| Bottom of the 9th over - 0 runs, 1 hit, 0 errors, 1 left on base; Naperville 11 - Nashville 3 |
|